 Dungeon Crawl Stone Soup version 0.22-a0-833-g8522bf8 (webtiles) character file.

24 Amnesiac the Digger (level 2, -8/19 HPs)
             Began as a Mummy Earth Elementalist on July 25, 2018.
             Mangled by Menkaure (9 damage)
             ... on level 2 of the Dungeon.
             The game lasted 00:01:16 (586 turns).

Amnesiac the Digger (Mummy Earth Elementalist)       Turns: 586, Time: 00:01:17

Health: -8/19      AC:  3    Str: 11    XL:     2   Next: 79%
Magic:  4/6        EV: 12    Int: 14    God:
Gold:   22         SH:  0    Dex: 12    Spells: 4/7 levels left

rFire    x . .     SeeInvis .   d - +0 mace
rCold    + . .     Gourm    .   (no shield)
rNeg     + + +     Faith    .   c - +0 robe
rPois    ∞         Spirit   .   a - +0 helmet
rElec    .         Reflect  .   (no cloak)
rCorr    .         Harm     .   (no gloves)
MR       .....                  (no boots)
Stlth    ++........             (no amulet)
HPRegen  0.06/turn              (no ring)
MPRegen  0.10/turn              (no ring)

@: no status effects
A: no food or potions, fire vulnerability, cold resistance 1, negative energy
resistance 3, torment resistance, unbreathing
a: no special abilities


You were on level 2 of the Dungeon.
You were not hungry.

You visited 1 branch of the dungeon, and saw 4 of its levels.

You collected 22 gold pieces.

Inventory:

Hand Weapons
 d - a +0 mace (weapon)
Missiles
 b - 15 stones (quivered)
Armour
 a - a +0 helmet (worn)
 c - a +0 robe (worn)
Scrolls
 e - a scroll of fear {!r, unknown}


   Skills:
 - Level 1.5 Dodging
 - Level 1.5 Stealth
 + Level 3.1 Spellcasting
 - Level 0.7 Transmutations
 * Level 3.1 Earth Magic


You had 4 spell levels left.
You knew the following spells:

 Your Spells              Type           Power        Failure   Level  Hunger
a - Sandblast             Erth           ##....       6%          1    N/A
b - Passwall              Tmut/Erth      #.......     14%         2    N/A

Your spell library contained the following spells:

 Spells                   Type           Power        Failure   Level  Hunger
 Stone Arrow              Conj/Erth      #.....       32%         3    N/A
 Lee's Rapid Deconstruct  Erth           ##........   85%         5    N/A
 Petrify                  Tmut/Erth      #.......     67%         4    N/A

Dungeon Overview and Level Annotations

Branches:
Dungeon (4/15)
 Temple: D:4-7

Altars:

Annotations:
D:2 Menkaure


Innate Abilities, Weirdness & Mutations

You do not eat or drink.
Your flesh is vulnerable to fire.
You are immune to poison.
Your flesh is cold resistant. (rC+)
You are immune to negative energy. (rN+++)
You are immune to unholy pain and torment.
You can survive without breathing.


Message History

Aim: a quokka The blast of sand hits the quokka.
You kill the quokka!
b - 18 stones
Casting: Sandblast (safe; 6% risk of failure)
Confirm with . or Enter, or press ? or * to list all spells.
You can't see any susceptible monsters within range! (Use Z to cast anyway.)
Casting: Sandblast (safe; 6% risk of failure)
Confirm with . or Enter, or press ? or * to list all spells.
You can't see any susceptible monsters within range! (Use Z to cast anyway.)
a - a helmet
There is a stone staircase leading down here.
Wear which item? (? for menu, Esc to quit)
You start putting on your armour.
You continue putting on your helmet. x3
Magic restored.
You continue putting on your helmet.
You finish putting on your +0 helmet.
You climb downwards.
There is a stone staircase leading up here.
Menkaure, Prince of Dust comes into view.
Menkaure shouts!
You hear an angry hiss.
Menkaure is nearby!
There is a stone staircase leading up here.
Casting: Sandblast (safe; 6% risk of failure)
Confirm with . or Enter, or press ? or * to list all spells.
Aiming: Sandblast (safe; 6% risk of failure)
Press: ? - help, Shift-Dir - straight line, f - Menkaure
Aim: Menkaure The blast of sand hits Menkaure.
Menkaure is lightly damaged.
b - 17 stones Unknown command.
Casting: Sandblast (safe; 6% risk of failure)
Confirm with . or Enter, or press ? or * to list all spells.
Aiming: Sandblast (safe; 6% risk of failure)
Press: ? - help, Shift-Dir - straight line, f/p - Menkaure
Aim: Menkaure (lightly damaged)
The blast of sand hits Menkaure.
Menkaure is moderately damaged.
b - 16 stones An adder comes into view.
Unknown command.
Menkaure gestures wildly while chanting.
Menkaure seems to speed up.
You climb upwards.
There is a stone staircase leading down here.
There is a stone staircase leading up here.
Magic restored.
Menkaure hits you!
Ouch! That really hurt!
* * * LOW HITPOINT WARNING * * *
Menkaure hits you!
* * * LOW HITPOINT WARNING * * *
You climb upwards.
There is a stone staircase leading down here.
Casting: Sandblast (safe; 6% risk of failure)
Confirm with . or Enter, or press ? or * to list all spells.
Aiming: Sandblast (safe; 6% risk of failure)
Press: ? - help, Shift-Dir - straight line, f - Menkaure
Aim: Menkaure (moderately damaged, fast)
The blast of sand hits Menkaure.
Menkaure is moderately damaged.
b - 15 stones Menkaure hits you!
You die...

#.....)# #.# #..
# #[#.#.%# #.#
#.. . #.#.#..#
#.# ...#
#.#.#..###.##
#...)......... ##
###.######.....#.
#...# ##...#####
###.# #.<..÷. #@#
#.##### #M# #.
#.# #. #.# #. #.#
#. #.# #. #.# ##
#.#


You could see Menkaure.

Vanquished Creatures
  An adder (D:2)
  A leopard gecko (D:2)
  A giant cockroach (D:2)
  3 goblins (D:2)
  A jackal (D:2)
  A quokka (D:3)
  A frilled lizard (D:2)
  3 kobolds
  3 rats
15 creatures vanquished.

Notes
Turn   | Place    | Note
-------+----------+-------------------------------------------
     0 | D:1      | Amnesiac the Mummy Earth Elementalist began the quest for the Orb.
     0 | D:1      | Reached XP level 1. HP: 13/13 MP: 4/4
   408 | D:2      | Reached XP level 2. HP: 17/19 MP: 2/5
   414 | D:2      | Learned a level 2 spell: Passwall
   572 | D:4      | Noticed Menkaure
   586 | D:2      | Mangled by Menkaure

Vault maps used:
D:1:      dpeg_arrival_shrine
D:2:      first_ration, minmay_item_behind_shaft
D:3:      dk_noncrumbling_3, grunt_decor_one_mirror, grunt_ministairs_9
D:4:      okawaru_altar_gauntlet_db, minmay_temple_entry_grid, serial_shops,
          shop, uniq_menkaure

Skill      XL: |  1  2 |
---------------+-------+-----
Spellcasting   | 3 |  3.1
Earth Magic    | 3 |  3.1
Dodging        | |  1.5
Stealth        | |  1.5
Transmutations | |  0.7

Action                   || total
-------------------------++-------
Melee: Mace              ||    22
       Unarmed           ||     7
 Cast: Sandblast         ||    16
  Use: Scroll            ||     1
 Stab: Sleeping          ||     1
Armor: Robe              ||     4
Dodge: Dodged            ||    32

Table legend:
 A = Spawn XP
 B = Non-spawn XP
 C = Spawn XP percentage of total XP
 D = Spawn monster count
 E = Non-spawn monster count
 F = Spawn count percentage of total count
 G = Total turns spent on level
                    A         B        C        D         E        F      G
               +---------+---------+-------+---------+---------+-------+---------
         Total |       0 |      35 |   0.0 |       0 |      15 |   0.0 |   586
               +---------+---------+-------+---------+---------+-------+---------
           D:1 |       0 |       2 |   0.0 |       0 |       2 |   0.0 |   122
           D:2 |       0 |      31 |   0.0 |       0 |      12 |   0.0 |   435
           D:3 |       0 |       2 |   0.0 |       0 |       1 |   0.0 |    22
               +---------+---------+-------+---------+---------+-------+---------
